 Dungeon Crawl Stone Soup version 0.30-b1-5-g8e6c1be481 (webtiles) character file.

Game seed: 8994942105310716067

36 Esekla the Sneak (level 3, 0/26 HPs)
             Began as an Octopode Delver on May 4, 2023.
             Was an Initiate of Gozag.
             Slain by an adder (2 damage)
             ... on level 4 of the Dungeon.
             The game lasted 00:03:05 (499 turns).

Esekla the Sneak (Octopode Delver)                   Turns: 499, Time: 00:03:06

Health: 0/26       AC:  1    Str: 11    XL:     3   Next: 37%
Magic:  3/3        EV: 13    Int: 14    God:    Gozag
Gold:   32         SH:  0    Dex: 13    Spells: 3/3 levels left

rFire   . . .        a - +0 falchion
rCold   . . .        (no shield)
rNeg    . . .        (helmet restricted)
rPois   .            (no amulet)
rElec   .            (no ring)
rCorr   .            (no ring)
SInv    .            (no ring)
Will    .....        (no ring)
Stlth   ++++         (no ring)
HPRegen 0.24/turn    (no ring)
MPRegen 0.08/turn    (no ring)
                     (no ring)

%: no passive effects
@: lethally poisoned (0 -> -7)
A: almost no armour, amphibious, 8 rings, camouflage 1, gelatinous body 1,
(nimble swimmer 1), tentacles
a: Renounce Religion, Potion Petition, Call Merchant, Bribe Branch


You were on level 4 of the Dungeon.
You worshipped Gozag.
Gozag was noncommittal.
You visited 2 branches of the dungeon, and saw 3 of its levels.

You collected 41 gold pieces.
You paid 9 gold pieces to Gozag.

Inventory:

Hand Weapons
 a - a +0 falchion (weapon)
 c - a +0 dagger
Missiles
 d - 6 boomerangs (quivered)
Wands
 f - a wand of digging (3)
Scrolls
 b - a scroll of fog


   Skills:
 * Level 3.2 Fighting
 * Level 2.2 Long Blades
 * Level 2.2 Dodging
 + Level 7.2 Stealth
 * Level 0.6 Spellcasting


You had 3 spell levels left.
You didn't know any spells.
Your spell library was empty.

Dungeon Overview and Level Annotations

Branches:
Dungeon (5/15)             Temple (1/1) D:5

Altars:
Ashenzari
Cheibriados
Dithmenos
Elyvilon
Fedhas
Gozag
Hepliaklqana
Kikubaaqudgha
Makhleb
Nemelex Xobeh
Qazlal
Ru
Sif Muna
Trog
Uskayaw
Vehumet
Wu Jian
Xom
Yredelemnul
Zin
The Shining One


Innate Abilities, Weirdness & Mutations

You cannot wear most types of armour.
You are amphibious.
You can wear up to eight rings at the same time.
Your skin changes colour to match your surroundings (Stealth+).
Your rubbery body absorbs attacks. (AC +1, EV +1)
((You are camouflaged when in or above water. (Stealth+)))
You have tentacles for arms and can constrict up to eight enemies at once.


Message History

Found 7 gold pieces.
The adder hisses angrily.
The adder bites you.
You are poisoned.
The adder poisons you!
Things that are here:
a +0 mace; a +0 broad axe You hit the adder but do no damage.
Your grab misses the adder.
You feel sick. The adder bites you.
You hit the adder. Your grab misses the adder.
The adder is severely wounded.
You feel sick. The adder bites you. x2
You are more poisoned.
The adder poisons you!
You hit the adder. Your grab misses the adder. Your squeeze misses the adder.
The adder is almost dead.
You feel sick. The adder barely misses you.
You hit the adder but do no damage. Your grab misses the adder.
Your squeeze misses the adder.
The adder is almost dead.
You feel sick. The adder closely misses you. The adder misses you.
You barely miss the adder. Your grab misses the adder.
You squeeze the adder, but do no damage.
The adder is almost dead.
You feel sick. The adder barely misses you.
You barely miss the adder. Your grab misses the adder.
The adder is almost dead.
You feel sick. The adder bites you.
* * * LOW HITPOINT WARNING * * *
The adder bites you.
* * * LOW HITPOINT WARNING * * *
You are lethally poisoned!
The adder poisons you!
You hit the adder but do no damage. You grab the adder.
The adder is almost dead.
You constrict the adder.
* * * LOW HITPOINT WARNING * * *
You feel sick. The adder bites you.
You die...
Your body crumbles into a pile of gold.

.........#
.........#.#
..$......#.#
.....<...#.#
.........#.######## $
..................#
.................>#
.......@..........#
......S...........#
..................#
..................#
..................#
................#.....
.........#......######
.........#......#
###.#############


You could see an adder.

Vanquished Creatures
  A hound (D:5)
  A worm (D:4)
  A kobold (D:5)
3 creatures vanquished.

Notes
Turn   | Place    | Note
-------+----------+-------------------------------------------
     0 | D:5      | Esekla the Octopode Delver began the quest for the Orb.
     0 | D:5      | Reached XP level 1. HP: 16/16 MP: 1/1
    70 | D:5      | Found a staircase to the Ecumenical Temple.
    70 | D:5      | Noticed a hound
    70 | D:5      | Noticed an iguana
    79 | D:5      | Noticed an ogre
    98 | Temple   | Entered the Ecumenical Temple
   318 | Temple   | Became a worshipper of Gozag Ym Sagoz the Greedy
   388 | D:5      | Noticed a kobold brigand
   400 | D:5      | Killed a hound
   401 | D:5      | Reached skill level 7 in Stealth
   401 | D:5      | Reached XP level 2. HP: 21/21 MP: 2/2
   401 | D:5      | Reached XP level 3. HP: 26/26 MP: 3/3
   499 | D:4      | Slain by an adder

Illustrated notes

Levels and vault maps discovered:
D:4:      layout_basic, minmay_tree_intersection
D:5:      layout_loops_ring, minmay_temple_entry_junction,
          kennysheep_generic_room_11
Temple:   mainiacjoe_temple_starburst

Skill      XL: |  1 |
---------------+----+-----
Stealth        | 7 |  7.2
Fighting       | |  3.2
Long Blades    | |  2.2
Dodging        | |  2.2
Spellcasting   | |  0.6

Action                     || total
---------------------------++-------
  Melee: Falchion          ||    13
         Constrict         ||     3
         Tentacles         ||     3
    Use: Scroll            ||     2
         Potion            ||     1
  Dodge: Dodged            ||     9
